 Dungeon Crawl Stone Soup version 0.29-a0-414-g5075937ec3 (webtiles) character file.

Game seed: 11667452096174384657

51 runemasterragnar the Ruffian (level 3, -2/29 HPs)
             Began as a Draconian Transmuter on May 15, 2022.
             Slain by a gnoll
             ... wielding a +0 halberd
              (11 damage)
             ... on level 2 of the Dungeon.
             The game lasted 00:01:24 (752 turns).

runemasterragnar the Ruffian (Draconian Transmuter)  Turns: 752, Time: 00:01:25

Health: -2/29      AC:  5    Str: 12    XL:     3   Next: 57%
Magic:  4/6        EV: 12    Int: 15    God:
Gold:   63         SH:  0    Dex: 11    Spells: 3/6 levels left

rFire   . . .      SeeInvis .     - Unarmed
rCold   . . .      Faith    .   (no shield)
rNeg    . . .      Spirit   .   (body armour unavailable)
rPois   .          Reflect  .   (helmet currently unavailable)
rElec   .          Harm     .   (no cloak)
rCorr   .          Rampage  .   (no gloves)
Will    .....                   (boots currently unavailable)
Stlth   +.........              (no amulet)
HPRegen 0.09/turn               (no ring)
MPRegen 0.10/turn               (no ring)

@: appendages, wereblooded (expiring)
A: horns 2, talons 2, AC +5, unfitting armour, cold-blooded
a: End Transformation


You were on level 2 of the Dungeon.
You had temporarily grown beastly horns and talons.
You visited 1 branch of the dungeon, and saw 2 of its levels.

You collected 63 gold pieces.

Inventory:

Jewellery
 f - an amulet of guardian spirit
Scrolls
 b - 2 scrolls of teleportation {unknown}
 c - a scroll of silence {unknown}
 d - a scroll of fear {unknown}
 e - a scroll of identify {unknown}
Potions
 a - a potion of lignification
 g - a potion of brilliance {unknown}


   Skills:
 + Level 1.7 Fighting
 + Level 2.1 Dodging
 + Level 3.3 Unarmed Combat
 + Level 2.3 Spellcasting
 * Level 2.8 Transmutations


You had 3 spell levels left.
You knew the following spells:

 Your Spells              Type           Power      Damage    Failure   Level
a - Beastly Appendage     Tmut           20%        N/A       7%          1
b - Wereblood             Tmut           10%        N/A       11%         2

Your spell library contained the following spells:

 Spells                   Type           Power      Damage    Failure   Level
 Spider Form              Tmut/Pois      5%         N/A       36%         3
 Ice Form                 Ice/Tmut       5%         N/A       77%         4


Dungeon Overview and Level Annotations

Branches:
Dungeon (1/15)

Altars:
Okawaru


Innate Abilities, Weirdness & Mutations

You have temporarily grown beastly horns and talons.
Your plain brown scales are hard. (AC +5)
You cannot fit into any form of body armour.
You are cold-blooded and may be slowed by cold attacks.


Message History

The gnoll is heavily wounded.
The gnoll hits you from afar with a +0 spear!
The gnoll hits you with a +0 whip.
You closely miss the gnoll. You claw the gnoll. You headbutt the gnoll.
You feel a bit better.
You kill the gnoll!
You howl as the wereblood boils in your veins!
Your transformation is almost over.
The gnoll hits you from afar with a +0 spear.
The gnoll barely misses you.
You see here a +0 whip.
You hit the gnoll but do no damage. You claw the gnoll, but do no damage.
You hit the gnoll. You claw the gnoll. You tail-slap the gnoll.
The gnoll is severely wounded.
The gnoll hits you with a +0 spear.
You barely miss the gnoll. You claw the gnoll, but do no damage.
The gnoll is severely wounded.
The gnoll hits you with a +0 spear.
* * * LOW HITPOINT WARNING * * *
You barely miss the gnoll. You headbutt the gnoll.
The gnoll is almost dead.
The gnoll misses you.
You completely miss the gnoll. You claw the gnoll.
You feel a bit better.
You kill the gnoll!
You howl as the wereblood boils in your veins!
You hear a shout!
A gnoll comes into view. It is wielding a +0 halberd.
Okay, then.
Things that are here:
a +0 spear; a gnoll corpse Your horns disappear.
Your talons disappear.
Casting: Wereblood (safe; 11% risk of failure)
Confirm with . or Enter, or press ? or * to list all spells.
You grow a pair of large bovine horns.
Your feet morph into talons.
The gnoll hits you with a +0 halberd.
You hit the gnoll but do no damage. You headbutt the gnoll.
The gnoll is lightly wounded.
Your primal bloodlust is almost over.
The gnoll hits you with a +0 halberd!
You die...

.... #.......##
###.###........# #.....######.#
#.# #.....#.# #.# #.# #.#####.#
#.# #.# #.## #.# #.# #.# #...
#.# #.# #.# #### #.# #.# #.#
###.######@######.#
#......))..g......#########
........######.#####...........
#.####### #.# ##.######### ..#
#.# #.## #.# #. #.. #. ... #.
####


You could see a gnoll.

Vanquished Creatures
  2 gnolls (D:2)
  2 worms (D:2)
  A dart slug (D:1)
  2 ball pythons (D:1)
  2 endoplasms
  A giant cockroach (D:1)
  2 goblins (D:1)
  3 hobgoblins (D:1)
  2 kobolds
  3 quokkas
  A frilled lizard (D:1)
21 creatures vanquished.

Notes
Turn   | Place    | Note
-------+----------+-------------------------------------------
     0 | D:1      | runemasterragnar the Draconian Transmuter began the quest
                  | for the Orb.
     0 | D:1      | Reached XP level 1. HP: 16/16 MP: 3/3
   162 | D:1      | Reached XP level 2. HP: 23/23 MP: 5/5
   193 | D:1      | Learned a level 2 spell: Wereblood
   324 | D:1      | You fall into a shaft and drop 1 floor!
   453 | D:2      | Reached XP level 3. HP: 10/28 MP: 6/6
   686 | D:2      | Found an iron altar of Okawaru.
   752 | D:2      | Slain by a gnoll

Illustrated notes

Levels and vault maps discovered:
D:1:      lemuel_arrival_tunnels, layout_rooms, ebering_ecumenical_altar_hall
D:2:      layout_loops_ring, basic_altar

Skill      XL: |  1  2 |
---------------+-------+-----
Dodging        | 2 |  2.1
Fighting       | |  1.7
Unarmed Combat | |  3.3
Spellcasting   | |  2.3
Transmutations | |  2.8

Action                   || total
-------------------------++-------
Melee: Unarmed           ||    63
       Tailslap          ||     4
       Punch             ||     2
       Kick              ||    13
       Headbutt          ||     5
 Cast: Beastly Appendage ||    10
       Wereblood         ||     1
Armor: Skin              ||    10
Dodge: Dodged            ||    42

Table legend: (Time is in decaauts)
 A = Elapsed time spent in this place.
 B = Non-inter-level travel time spent in this place.
 C = Inter-level travel time spent in this place.
 D = Time resting spent in this place.
 E = Time spent auto-exploring this place.
 F = Levels seen in this place.
 G = Mean time per level.
                   A        B        C        D        E       F      G
               +--------+--------+--------+--------+--------+-----+--------+
         Total |    750 |    750 |      0 |      0 |    567 |   2 |  375.0 |
       Dungeon |    750 |    750 |      0 |      0 |    567 |   2 |  375.0 |
               +--------+--------+--------+--------+--------+-----+--------+

Top non-repeatable levels by time:
     D:2: 428 daAuts
     D:1: 322 daAuts
